[ AOE2 MATCH · #513642548 ]
UnrankedChinese vs Tupi
Player's team · WIN
Rival team · LOSS
[ REPLAY ANALYSIS · EXTRACTED FROM THE RECORDED GAME ]
Feudal
8:33
Castle
23:22
Imperial
—
| APM avg | 60.3 |
| APM peak | 88 |
| eAPM avg | 27.5 |
| Villagers / military | 130 / 118 |
Focus
⚔️ 34.4% · 🌾 65.6%
Militia ×101 · Chu Ko Nu ×9 · Monk ×4 · Skirmisher ×3 · Archer ×1
Feudal
12:36
Castle
23:31
Imperial
—
| APM avg | 41.0 |
| APM peak | 91 |
| eAPM avg | 18.9 |
| Villagers / military | 121 / 0 |
Focus
⚔️ 38.4% · 🌾 61.6%
Unknown (2550) ×82 · Unknown (2582) ×35
Match map
Initial resources + every placement click. Lines = walls · curves = elevation contours. ◆ gold · ⬟ stone · ● berries · ✦ relic · ◌ wall gap
Your base· Open — unwalled flank
Mameluke69's base· Open — 7t gap
Smoothed initial terrain · ◌ = detected wall gap · hover for details
Inputs per minute
— jianglin612 - - Mameluke69
Build order — jianglin612
First 150 of 372 actions detected
| 0:09 | Research | Loom |
| 0:39 | Queue | Villager (Male) |
| 0:39 | Queue | Villager (Male) |
| 1:07 | Queue | Villager (Male) |
| 1:07 | Queue | Villager (Male) |
| 1:36 | Queue | Villager (Male) |
| 1:36 | Queue | Villager (Male) |
| 1:58 | Queue | Villager (Male) |
| 2:21 | Queue | Villager (Male) |
| 2:30 | Queue | Villager (Male) |
| 2:30 | Queue | Villager (Male) |
| 2:32 | Build | Lumber Camp |
| 3:10 | Build | House |
| 3:18 | Queue | Villager (Male) |
| 3:50 | Queue | Villager (Male) |
| 3:57 | Queue | Villager (Male) |
| 4:33 | Queue | Villager (Male) |
| 4:50 | Queue | Villager (Male) |
| 4:51 | Queue | Villager (Male) |
| 5:12 | Build | Mill |
| 5:21 | Queue | Villager (Male) |
| 5:26 | Build | House |
| 6:23 | Research | Feudal Age |
| 6:23 | Research | Feudal Age |
| 7:06 | Build | House |
| 7:46 | Build | Barracks |
| 7:55 | Build | Palisade Wall |
| 8:02 | Queue | Villager (Male) |
| 8:28 | Build | Palisade Wall |
| 8:33 | Age | Feudal Age |
| 8:39 | Queue | Villager (Male) |
| 8:52 | Build | Palisade Wall |
| 9:00 | Queue | Villager (Male) |
| 9:04 | Build | Archery Range |
| 9:18 | Queue | Villager (Male) |
| 9:21 | Build | House |
| 9:30 | Build | Farm |
| 9:31 | Build | Farm |
| 9:32 | Research | Double-Bit Axe |
| 9:37 | Build | Palisade Wall |
| 9:39 | Build | Palisade Wall |
| 9:49 | Build | Farm |
| 9:57 | Queue | Villager (Male) |
| 10:04 | Queue | Archer |
| 10:06 | Build | Farm |
| 10:24 | Build | Mining Camp |
| 10:26 | Queue | Villager (Male) |
| 10:35 | Build | Farm |
| 10:49 | Queue | Skirmisher |
| 10:49 | Queue | Skirmisher |
| 10:54 | Queue | Villager (Male) |
| 11:05 | Build | Palisade Wall |
| 11:08 | Build | House |
| 11:21 | Queue | Skirmisher |
| 11:24 | Queue | Militia |
| 11:38 | Queue | Villager (Male) |
| 11:57 | Build | House |
| 12:00 | Build | House |
| 12:10 | Research | Man-at-Arms (upgrade) |
| 12:11 | Queue | Militia |
| 12:13 | Queue | Villager (Male) |
| 12:26 | Build | Palisade Wall |
| 12:29 | Build | House |
| 12:39 | Build | Farm |
| 12:42 | Build | Farm |
| 12:43 | Queue | Villager (Male) |
| 12:46 | Build | Farm |
| 12:46 | Build | Farm |
| 12:49 | Build | Farm |
| 12:52 | Queue | Militia |
| 12:52 | Queue | Militia |
| 13:02 | Queue | Villager (Male) |
| 13:12 | Build | Farm |
| 13:26 | Queue | Villager (Male) |
| 13:31 | Build | Farm |
| 13:34 | Build | Farm |
| 13:42 | Build | Farm |
| 13:47 | Queue | Militia |
| 13:49 | Queue | Militia |
| 13:52 | Queue | Villager (Male) |
| 14:00 | Build | Blacksmith |
| 14:17 | Queue | Villager (Male) |
| 14:30 | Queue | Villager (Male) |
| 14:35 | Queue | Militia |
| 15:09 | Queue | Villager (Male) |
| 15:19 | Build | Farm |
| 15:20 | Build | Farm |
| 15:29 | Queue | Militia |
| 15:29 | Queue | Militia |
| 15:31 | Queue | Villager (Male) |
| 15:34 | Build | Farm |
| 15:36 | Build | Farm |
| 15:38 | Build | Farm |
| 15:51 | Research | Forging |
| 15:51 | Research | Forging |
| 16:06 | Queue | Militia |
| 16:10 | Build | Farm |
| 16:12 | Build | Farm |
| 16:15 | Build | Farm |
| 16:19 | Queue | Villager (Male) |
| 16:19 | Queue | Villager (Male) |
| 16:32 | Queue | Militia |
| 16:58 | Queue | Villager (Male) |
| 17:12 | Queue | Villager (Male) |
| 17:16 | Queue | Militia |
| 17:29 | Research | Scale Barding Armor |
| 17:30 | Research | Scale Barding Armor |
| 17:32 | Research | Scale Mail Armor |
| 17:42 | Queue | Villager (Male) |
| 17:44 | Queue | Militia |
| 18:03 | Queue | Villager (Male) |
| 18:12 | Build | Mining Camp |
| 18:17 | Queue | Militia |
| 18:19 | Queue | Villager (Male) |
| 18:19 | Queue | Villager (Male) |
| 18:19 | Queue | Villager (Male) |
| 18:41 | Queue | Villager (Male) |
| 18:53 | Queue | Militia |
| 19:02 | Queue | Villager (Male) |
| 19:08 | Build | House |
| 19:09 | Build | House |
| 19:16 | Research | Wheelbarrow |
| 19:21 | Build | Farm |
| 19:30 | Research | Horse Collar |
| 19:42 | Queue | Militia |
| 19:53 | Queue | Villager (Male) |
| 19:59 | Queue | Villager (Male) |
| 20:02 | Build | House |
| 20:42 | Research | Castle Age |
| 20:42 | Research | Castle Age |
| 21:01 | Research | Gold Mining |
| 21:01 | Research | Gold Mining |
| 21:10 | Queue | Villager (Male) |
| 21:20 | Queue | Militia |
| 21:20 | Queue | Militia |
| 21:26 | Build | Barracks |
| 21:57 | Queue | Militia |
| 22:02 | Queue | Villager (Male) |
| 22:11 | Build | Palisade Wall |
| 22:16 | Build | Farm |
| 22:18 | Queue | Villager (Male) |
| 22:24 | Research | Arson |
| 22:24 | Research | Arson |
| 22:29 | Queue | Militia |
| 22:30 | Queue | Militia |
| 22:46 | Queue | Militia |
| 22:47 | Queue | Militia |
| 22:51 | Queue | Villager (Male) |
| 23:20 | Queue | Militia |
| 23:21 | Queue | Militia |
Build order — Mameluke69
First 150 of 317 actions detected
| 0:01 | Queue | Villager (Male) |
| 0:02 | Build | House |
| 0:04 | Build | House |
| 0:04 | Queue | Villager (Male) |
| 0:11 | Queue | Villager (Male) |
| 0:12 | Queue | Villager (Male) |
| 1:08 | Queue | Villager (Male) |
| 1:29 | Queue | Villager (Male) |
| 2:22 | Queue | Villager (Male) |
| 2:53 | Queue | Villager (Male) |
| 2:57 | Queue | Villager (Male) |
| 3:05 | Build | Settlement |
| 3:26 | Build | House |
| 3:37 | Queue | Villager (Male) |
| 4:07 | Queue | Villager (Male) |
| 4:10 | Queue | Villager (Male) |
| 4:12 | Queue | Villager (Male) |
| 4:13 | Queue | Villager (Male) |
| 4:32 | Queue | Villager (Male) |
| 5:26 | Queue | Villager (Male) |
| 5:46 | Queue | Villager (Male) |
| 5:47 | Queue | Villager (Male) |
| 5:49 | Queue | Villager (Male) |
| 5:58 | Build | Barracks |
| 6:13 | Queue | Villager (Male) |
| 6:23 | Queue | Villager (Male) |
| 6:32 | Queue | Villager (Male) |
| 6:34 | Queue | Villager (Male) |
| 6:58 | Build | Settlement |
| 7:07 | Queue | Unit 2550 |
| 7:08 | Queue | Unit 2550 |
| 7:08 | Queue | Unit 2550 |
| 7:10 | Queue | Villager (Male) |
| 7:15 | Queue | Villager (Male) |
| 7:44 | Research | Loom |
| 7:48 | Queue | Villager (Male) |
| 7:51 | Queue | Unit 2550 |
| 7:51 | Queue | Villager (Male) |
| 8:09 | Queue | Villager (Male) |
| 8:11 | Build | Farm |
| 8:12 | Queue | Villager (Male) |
| 8:13 | Build | Farm |
| 8:14 | Queue | Villager (Male) |
| 8:18 | Build | House |
| 8:27 | Queue | Unit 2550 |
| 9:12 | Build | Farm |
| 9:14 | Queue | Villager (Male) |
| 9:22 | Queue | Villager (Male) |
| 9:48 | Build | Farm |
| 9:48 | Build | Farm |
| 9:49 | Build | Farm |
| 9:49 | Build | Farm |
| 9:51 | Queue | Villager (Male) |
| 9:54 | Queue | Villager (Male) |
| 9:56 | Queue | Villager (Male) |
| 10:11 | Queue | Villager (Male) |
| 10:12 | Build | Farm |
| 10:13 | Queue | Villager (Male) |
| 10:24 | Research | Feudal Age |
| 10:34 | Queue | Unit 2550 |
| 10:38 | Build | Farm |
| 10:41 | Queue | Villager (Male) |
| 10:50 | Build | House |
| 11:01 | Queue | Villager (Male) |
| 11:05 | Build | House |
| 11:06 | Build | House |
| 11:10 | Build | Palisade Wall |
| 11:12 | Queue | Villager (Male) |
| 11:20 | Queue | Unit 2550 |
| 11:20 | Queue | Unit 2550 |
| 12:01 | Queue | Unit 2550 |
| 12:01 | Queue | Unit 2550 |
| 12:02 | Queue | Villager (Male) |
| 12:36 | Age | Feudal Age |
| 12:39 | Queue | Villager (Male) |
| 12:42 | Research | Tech 1402 |
| 12:47 | Queue | Villager (Male) |
| 12:52 | Build | Blacksmith |
| 12:53 | Queue | Villager (Male) |
| 12:59 | Queue | Villager (Male) |
| 13:04 | Build | House |
| 13:05 | Queue | Villager (Male) |
| 13:08 | Build | House |
| 13:12 | Queue | Villager (Male) |
| 13:14 | Queue | Villager (Male) |
| 13:27 | Queue | Unit 2550 |
| 13:27 | Queue | Unit 2550 |
| 13:33 | Build | House |
| 13:34 | Build | House |
| 13:36 | Queue | Villager (Male) |
| 13:41 | Queue | Villager (Male) |
| 13:43 | Build | Farm |
| 13:44 | Queue | Villager (Male) |
| 13:46 | Build | Farm |
| 13:46 | Queue | Villager (Male) |
| 13:48 | Build | Farm |
| 13:48 | Queue | Villager (Male) |
| 13:51 | Build | Farm |
| 13:52 | Queue | Villager (Male) |
| 13:55 | Queue | Villager (Male) |
| 14:01 | Queue | Villager (Male) |
| 14:15 | Research | Arson |
| 14:16 | Queue | Villager (Male) |
| 14:19 | Queue | Villager (Male) |
| 14:30 | Queue | Unit 2550 |
| 14:30 | Queue | Unit 2550 |
| 14:31 | Queue | Villager (Male) |
| 14:51 | Queue | Unit 2550 |
| 15:04 | Build | Settlement |
| 15:05 | Research | Scale Mail Armor |
| 15:23 | Research | Forging |
| 15:36 | Build | Farm |
| 16:02 | Build | Watch Tower |
| 16:04 | Queue | Villager (Male) |
| 16:08 | Queue | Villager (Male) |
| 16:14 | Queue | Unit 2550 |
| 16:15 | Queue | Unit 2550 |
| 16:19 | Build | Farm |
| 16:39 | Queue | Unit 2550 |
| 17:11 | Research | Wheelbarrow |
| 17:25 | Queue | Villager (Male) |
| 17:29 | Build | Barracks |
| 17:30 | Queue | Villager (Male) |
| 18:42 | Build | Barracks |
| 18:51 | Build | Market |
| 18:56 | Queue | Villager (Male) |
| 18:57 | Queue | Villager (Male) |
| 19:04 | Build | Farm |
| 19:04 | Build | Farm |
| 19:04 | Build | Farm |
| 19:04 | Build | Farm |
| 19:05 | Build | Farm |
| 19:05 | Build | Farm |
| 19:20 | Build | House |
| 19:21 | Build | House |
| 19:26 | Build | Farm |
| 19:27 | Build | Farm |
| 19:39 | Build | House |
| 19:55 | Build | Farm |
| 20:13 | Queue | Villager (Male) |
| 20:51 | Research | Castle Age |
| 20:58 | Build | Barracks |
| 20:59 | Queue | Villager (Male) |
| 21:03 | Queue | Unit 2550 |
| 21:12 | Build | Barracks |
| 21:19 | Queue | Villager (Male) |
| 21:26 | Build | Barracks |
| 21:28 | Queue | Unit 2550 |
| 21:28 | Queue | Unit 2550 |
| 21:42 | Build | Farm |
Match timeline
| 5:58 | Mameluke69 · first_building Barracks |
| 7:46 | jianglin612 · first_building Barracks |
| 7:55 | jianglin612 · wall_segment Palisade Wall x1 |
| 8:28 | jianglin612 · wall_segment Palisade Wall x1 |
| 8:33 | jianglin612 · age_up feudal |
| 8:52 | jianglin612 · wall_segment Palisade Wall x1 |
| 9:04 | jianglin612 · first_building Archery Range |
| 9:37 | jianglin612 · wall_segment Palisade Wall x1 |
| 9:39 | jianglin612 · wall_segment Palisade Wall x1 |
| 11:05 | jianglin612 · wall_segment Palisade Wall x1 |
| 11:10 | Mameluke69 · wall_segment Palisade Wall x8 |
| 12:26 | jianglin612 · wall_segment Palisade Wall x1 |
| 12:36 | Mameluke69 · age_up feudal |
| 20:18 | Mameluke69 · first_market_sell 100 stone |
| 20:20 | Mameluke69 · first_market_buy 100 food |
| 22:11 | jianglin612 · wall_segment Palisade Wall x1 |
| 23:22 | jianglin612 · age_up castle |
| 23:31 | Mameluke69 · age_up castle |
| 31:11 | jianglin612 · first_building Monastery |
| 35:26 | jianglin612 · first_building Castle |
| 38:20 | jianglin612 · first_market_sell 100 wood |
| 40:24 | Mameluke69 · resign |
[ AI ANALYSIS · 1 CREDIT ]
What really happened in this match?
Wolo.gg analyzes every decision: build order, eco, micro, common mistakes by bracket. Personalized analysis on WhatsApp or Discord in 30 seconds.
Civ guide
Chinese
Perfil
Jugador #24093790